 Dungeon Crawl Stone Soup version 0.26-a0-64-g059e62fbdb (webtiles) character file.

Game seed: 6392705557239818032

16593 Conn the Destroyer (level 12, -1/79 HPs)
             Began as an Octopode Conjurer on June 10, 2020.
             Was the Champion of Cheibriados.
             Killed from afar by an electric eel (10 damage)
             ... with a bolt of electricity
             ... on level 2 of the Lair of Beasts.
             The game lasted 01:02:15 (16590 turns).

Conn the Destroyer (Octopode Conjurer)             Turns: 16590, Time: 01:02:19

Health: -1/79      AC:  8    Str: 28    XL:     12   Next: 39%
Magic:  18/25      EV: 18    Int: 37    God:    Cheibriados [******]
Gold:   504        SH:  9    Dex: 28    Spells: 2/29 levels left

rFire    . . .     SeeInvis .   a - +6 rapier (elec)
rCold    + . .     Gourm    .   K - +2 buckler
rNeg     . . .     Faith    +   (helmet restricted)
rPois    +         Spirit   .   C - amulet of faith
rElec    .         Reflect  .   m - ring of poison resistance
rCorr    +         Harm     .   c - ring of resist corrosion
MR       .....                  N - +6 ring of strength
Stlth    ++++++....             y - ring of protection from cold
HPRegen  0.23/turn              B - ring of flight
MPRegen  0.19/turn              (no ring)
                                (no ring)
                                (no ring)

@: icy armour, very slow
A: almost no armour, stealthy swim, amphibious, 8 rings, constrict 8, camouflage
1, gelatinous body 1
a: Bend Time, Temporal Distortion, Slouch, Step From Time, Renounce Religion,
Evoke Flight


You were on level 2 of the Lair of Beasts.
You worshipped Cheibriados.
Cheibriados was exalted by your worship.
You were not hungry.

You visited 3 branches of the dungeon, and saw 14 of its levels.
You also visited: Ossuary.

You collected 886 gold pieces.
You spent 382 gold pieces at shops.

Inventory:

Hand Weapons
 a - a +6 rapier of electrocution (weapon)
 o - a +3 great sword of freezing
 A - a +0 dagger of protection
 I - the +5 morningstar "Wenun" {vorpal, Dex+2}
   (You found it on level 9 of the Dungeon)

   It inflicts extra damage upon your enemies.
   It affects your dexterity (+2).
Missiles
 h - 7 curare-tipped darts (quivered)
 j - 75 poisoned darts
 w - 102 bolts
Armour
 G - a +0 kite shield
 K - a +2 buckler (worn)
Magical Staves
 b - an uncursed staff of energy
Jewellery
 c - a ring of resist corrosion (right tentacle)
 m - a ring of poison resistance (left tentacle)
 y - a ring of protection from cold (on tentacle)
 B - a ring of flight (on tentacle)
 C - an amulet of faith (around mantle)
 N - a +6 ring of strength (on tentacle)
Wands
 p - a wand of paralysis (10)
 D - a wand of iceblast (8)
 F - a wand of acid (13)
 J - a wand of disintegration (8)
Scrolls
 e - 7 scrolls of identify
 f - a scroll of remove curse
 g - 4 scrolls of fear
 i - a scroll of blinking
 k - a scroll of teleportation
 q - 2 scrolls of immolation
 E - a scroll of magic mapping
 M - a scroll of vulnerability {unknown}
 Q - a scroll of fog
Potions
 d - a potion of brilliance
 l - 8 potions of curing
 n - 2 potions of flight
 r - 3 potions of heal wounds
 s - a potion of magic
 t - a potion of ambrosia
 u - a potion of lignification
 v - a potion of might {unknown}
 z - a potion of haste {unknown}
 H - a potion of mutation {unknown}
 L - 3 potions of stabbing
Miscellaneous
 P - a lightning rod (4/4)
Comestibles
 x - 22 rations


   Skills:
 * Level 6.1 Fighting
 - Level 4.2 Short Blades
 + Level 1.2 Maces & Flails
 + Level 4.8 Dodging
 - Level 9.3 Stealth
 * Level 4.6 Shields
 * Level 9.3 Spellcasting
 * Level 10.1 Conjurations
 + Level 0.7 Charms
 + Level 2.0 Translocations
 * Level 5.1 Fire Magic
 + Level 3.0 Ice Magic
 * Level 0.9 Air Magic
 - Level 5.7 Invocations


You had 2 spell levels left.
You knew the following spells:

 Your Spells              Type           Power        Failure   Level  Hunger
a - Foxfire               Conj/Fire      ####         1%          1    None
b - Searing Ray           Conj           ######       1%          2    None
c - Ozocubu's Armour      Chrm/Ice       ####....     3%          3    None
d - Magic Dart            Conj           ####         1%          1    None
e - Conjure Flame         Conj/Fire      ######..     1%          3    None
f - Iskenderun's Mystic   Conj/Tloc      ######..     1%          4    None
g - Sticky Flame          Conj/Fire      ######..     1%          4    None
h - Fireball              Conj/Fire      ######....   2%          5    ##.....
i - Airstrike             Air            ###.......   16%         4    None

Your spell library contained the following spells:

 Spells                   Type           Power        Failure   Level  Hunger
 Infusion                 Chrm           ###.         1%          1    None
 Shock                    Conj/Air       ####         1%          1    None
 Shroud of Golubria       Chrm/Tloc      ####..       1%          2    None
 Corona                   Hex            ###....      2%          1    None
 Song of Slaying          Chrm           ###.....     2%          2    None
 Swiftness                Chrm/Air       ###.....     2%          2    None
 Slow                     Hex            ###.....     3%          2    None
 Dazzling Flash           Conj/Hex       ######       1%          3    None
 Static Discharge         Conj/Air       ######..     1%          3    None
 Inner Flame              Hex/Fire       #####...     2%          3    None
 Gell's Gravitas          Tloc           ####......   3%          3    None
 Fulminant Prism          Conj/Hex       ######....   3%          4    None
 Portal Projectile        Hex/Tloc       ###...       4%          3    None
 Spectral Weapon          Hex/Chrm       ###.....     6%          3    None
 Confusing Touch          Hex            ###.....     7%          3    None
 Lightning Bolt           Conj/Air       ######....   7%          5    ##.....
 Cause Fear               Hex            ###.......   22%         4    None
 Leda's Liquefaction      Hex/Erth       ###.......   22%         4    None
 Petrify                  Tmut/Erth      ###.....     22%         4    None
 Metabolic Englaciation   Hex/Ice        ####......   34%         5    ##.....
 Yara's Violent Unravell  Hex/Tmut       ###.......   54%         5    ##.....


Dungeon Overview and Level Annotations

Branches:
Dungeon (11/15)            Temple (0/1) D:7            Lair (2/6) D:8
  Swamp (0/4) Lair:2          Orc (1/2) D:9         Ossuary (visited)
  Snake: Lair:2-4    Spider: Lair:2-4

Altars:
Ashenzari
Cheibriados
Fedhas
Gozag
Kikubaaqudgha
Nemelex Xobeh
Qazlal
Ru
Vehumet
Wu Jian
Yredelemnul

Shops:
D:5 (}:   D:9 (   D:10 [*

Annotations:
Orc:1 Josephine


Innate Abilities, Weirdness & Mutations

You cannot wear most types of armour.
You are very stealthy in the water. (Stealth+)
You are amphibious.
You can wear up to eight rings at the same time.
You can use your tentacles to constrict eight enemies at once.
Your skin changes colour to match your surroundings (Stealth+).
Your rubbery body absorbs attacks. (AC +1, EV +1)


Message History

The swamp worm is moderately wounded.
The swamp worm is knocked back by the mystic blast.
The swamp worm slams into the tree!
The mystic blast hits the swamp worm.
The swamp worm is almost dead.
The swamp worm is knocked back by the mystic blast.
The swamp worm slams into the tree!
You kill the swamp worm!
Cheibriados thoroughly appreciates the change of pace.
The swamp worm fires a harpoon shot at you.
The harpoon shot hits you!
* * * LOW HITPOINT WARNING * * *
You are yanked forward by the harpoon shot.
Found a staircase to the Swamp.
Casting: Iskenderun's Mystic Blast (dangerous; 1% risk of failure)
Confirm with . or Enter, or press ? or * to list all spells.
A film of ice covers your body! The swamp worm bites you!
* * * LOW HITPOINT WARNING * * *
The electric eel shoots out a bolt of lightning at you!
The bolt of electricity hits you!
You die...

.........................>.......
.................................
.................................
........#.P......#...#####.......
....#.#...#♣.....♣#.♣#.###..#..##
....#..... #♣♣♣♣♣♣♣♣........^###.
........♣♣♣♣♣ ♣♣♣♣♣♣♣♣♣♣♣....#...
....P..♣ ≈;§§≈♣≈w≈≈≈♣≈≈≈♣♣♣......
...P#..♣ §§§§...@..♣.......⌠.....
....###♣ §§§§♣.♣.♣.....♣...⌠.....
....##.♣♣§ ♣≈†≈≈♣≈≈≈≈≈♣♣♣..#.##
........♣♣♣♣♣♣♣♣♣♣♣♣♣♣♣♣♣ ..#.#.P
...#........♣♣♣♣♣♣ ........
.⌠..#............. .........
....#............. ..........
.>.⌠#............. ..=........
....#.............


You could see a swamp worm and an electric eel.

Vanquished Creatures
  A two-headed ogre (D:11)
  A centaur warrior (D:9)
  An ugly thing (D:11)
  A cyclops (D:9)
  A black mamba (Lair:2)
  A torpor snail (Lair:2)
  A troll (D:8)
  Grinder (D:3)
  Prince Ribbit (D:7)
  5 hippogriffs
  A spriggan (D:11)
  Eustachio (D:5)
  21 yaks
  A wyvern (D:9)
  3 swamp worms (Lair:2)
  6 orc warriors
  2 porcupines (Lair:1)
  A black bear (D:11)
  4 ice beasts
  A sky beast (D:9)
  4 phantoms
  2 necrophages
  8 ogres
  10 wolves
  4 centaurs
  2 crocodiles (Lair:2)
  2 big kobolds (D:11)
  A gnoll sergeant (D:7)
  5 bullfrogs
  4 scorpions
  A water moccasin skeleton (D:9)
  6 killer bees (D:9)
  2 howler monkeys
  7 wights
  2 electric eels (D:8)
  7 crimson imps
  A centaur zombie (D:5)
  2 bullfrog zombies
  5 human zombies (D:9)
  5 orc priests
  7 hounds
  4 centaur skeletons
  9 orc wizards
  2 bullfrog skeletons
  Jessica (D:2)
  3 iguanas
  A statue (D:8)
  7 worker ants
  6 big kobold zombies (Ossuary)
  A hound skeleton (D:11)
  3 mummies
  8 gnolls
  17 adders
  A shadow imp (D:5)
  2 oozes
  An adder zombie (D:6)
  An adder skeleton (D:6)
  6 worms
  A dart slug (D:2)
  9 leopard geckos
  56 orcs
  A spectral bat (Ossuary)
  8 giant cockroaches
  6 gnoll zombies (Ossuary)
  6 goblins
  7 hobgoblins
  4 jackals
  20 kobolds
  5 quokkas
  3 ball pythons
  4 bats
  2 bat simulacra (Ossuary)
  11 frilled lizards
  3 goblin simulacra (Ossuary)
  5 goblin zombies (Ossuary)
  5 hobgoblin zombies (Ossuary)
  5 kobold simulacra (Ossuary)
  3 kobold zombies (Ossuary)
  3 leopard gecko skeletons
  A leopard gecko zombie (D:7)
  7 orc zombies
  A quokka zombie (D:9)
  11 rats
  3 rat simulacra (Ossuary)
  2 spectral goblins (Ossuary)
  3 spectral kobolds (Ossuary)
  7 spectral rats (Ossuary)
  A fungus (Lair:2)
418 creatures vanquished.

Vanquished Creatures (collateral kills)
  Harold (D:11)
1 creature vanquished.

Vanquished Creatures (others)
  263 foxfires
  A fungus (Lair:2)
  A plant (Lair:2)
265 creatures vanquished.

Grand Total: 684 creatures vanquished

Notes
Turn   | Place    | Note
-------+----------+-------------------------------------------
     0 | D:1      | Conn the Octopode Conjurer began the quest for the Orb.
     0 | D:1      | Reached XP level 1. HP: 11/11 MP: 3/3
   421 | D:1      | Reached XP level 2. HP: 8/17 MP: 1/5
  1107 | D:1      | Reached XP level 3. HP: 21/21 MP: 2/6
  1775 | D:2      | Reached XP level 4. HP: 27/27 MP: 3/7
  1921 | D:2      | Learned a level 2 spell: Searing Ray
  2141 | D:3      | Noticed Grinder
  2391 | D:2      | Reached XP level 5. HP: 32/32 MP: 5/9
  2467 | D:2      | Reached skill level 5 in Conjurations
  2832 | D:2      | Noticed Jessica
  2903 | D:2      | Killed Jessica
  3211 | D:3      | Found a shattered altar of Ashenzari.
  3331 | D:3      | Reached skill level 1 in Fighting
  3331 | D:3      | Reached XP level 6. HP: 21/38 MP: 0/11
  3722 | D:3      | Found an ornate altar of the Wu Jian Council.
  3815 | D:3      | Paralysed by Grinder for 5 turns
  3820 | D:3      | Killed Grinder
  3820 | D:3      | Reached skill level 1 in Short Blades
  3820 | D:3      | Reached skill level 5 in Stealth
  3820 | D:3      | Reached XP level 7. HP: 43/43 MP: 0/12
  3957 | D:3      | Found an ancient bone altar of Kikubaaqudgha.
  3957 | D:3      | Found a snail-covered altar of Cheibriados.
  3974 | D:3      | Became a worshipper of Cheibriados the Contemplative
  4380 | D:3      | Found a stormy altar of Qazlal.
  4436 | D:3      | Found a sacrificial altar of Ru.
  4765 | D:4      | Reached skill level 6 in Conjurations
  4901 | D:4      | Reached * piety under Cheibriados
  5232 | D:4      | Reached XP level 8. HP: 48/48 MP: 7/15
  5635 | D:5      | Entered Level 5 of the Dungeon
  5652 | D:5      | Reached skill level 5 in Spellcasting
  5835 | D:4      | HP: 2/50 [adder (1)]
  5842 | D:4      | HP: 2/50 [poisoned by an adder]
  5847 | D:4      | HP: 2/50 [poisoned by an adder]
  6156 | D:4      | Learned a level 3 spell: Dazzling Flash
  6187 | D:5      | Found a sand-covered staircase.
  6191 | Ossuary  | Entered an ossuary
  6244 | Ossuary  | Reached ** piety under Cheibriados
  6577 | Ossuary  | Reached *** piety under Cheibriados
  6934 | D:5      | Found Etute's Book Boutique.
  6972 | D:5      | Noticed Eustachio
  6984 | D:5      | Killed Eustachio
  6984 | D:5      | Reached skill level 7 in Conjurations
  7085 | D:5      | Found an opulent altar of Gozag.
  7085 | D:5      | Found a sparkling altar of Nemelex Xobeh.
  7094 | D:5      | Reached **** piety under Cheibriados
  7288 | D:5      | Reached XP level 9. HP: 55/55 MP: 17/17
  7305 | D:5      | Found Ihulys's Antique Weapon Shop.
  7482 | D:5      | Found Aqeutit's Gadget Emporium.
  7857 | D:5      | Bought a masterwork hand crossbow for 212 gold pieces
  7858 | D:5      | Identified the cursed +0 hand crossbow of War {elec,
                  | *Contam rPois Dex+3} (You bought it in a shop on level 5 of
                  | the Dungeon)
  8136 | D:6      | Learned a level 1 spell: Foxfire
  8140 | D:6      | Learned a level 3 spell: Conjure Flame
  8145 | D:6      | Learned a level 4 spell: Iskenderun's Mystic Blast
  8150 | D:6      | Learned a level 4 spell: Sticky Flame
  8969 | D:7      | Reached skill level 1 in Invocations
  9043 | D:7      | Found a staircase to the Ecumenical Temple.
  9054 | D:7      | Reached skill level 1 in Fire Magic
  9127 | D:7      | Noticed Prince Ribbit
  9132 | D:7      | Killed Prince Ribbit
  9262 | D:7      | Reached ***** piety under Cheibriados
  9750 | D:8      | Reached skill level 1 in Shields
  9755 | D:8      | Reached skill level 8 in Conjurations
 10014 | D:8      | Reached XP level 10. HP: 60/63 MP: 16/20
 10244 | D:8      | Found a staircase to the Lair.
 10394 | D:8      | Found a radiant altar of Vehumet.
 10770 | D:8      | Found a sacrificial altar of Ru.
 11021 | D:9      | Found a staircase to the Orcish Mines.
 11051 | D:9      | Got a jewelled morningstar
 11052 | D:9      | Identified the +5 morningstar "Wenun" {vorpal, Dex+2} (You
                  | found it on level 9 of the Dungeon)
 11217 | D:9      | Found Eziaxiof's Weapon Emporium.
 11270 | D:9      | Reached ****** piety under Cheibriados
 11287 | D:9      | Reached skill level 1 in Maces & Flails
 11347 | D:9      | Noticed a centaur warrior
 11359 | D:9      | Killed a centaur warrior
 11385 | D:9      | Noticed a cyclops
 11540 | D:9      | Learned a level 5 spell: Fireball
 11559 | D:9      | Reached skill level 1 in Translocations
 11559 | D:9      | Reached XP level 11. HP: 70/70 MP: 19/22
 11709 | D:9      | Killed a cyclops
 11928 | D:9      | Reached skill level 9 in Conjurations
 12155 | D:9      | Found a basalt altar of Yredelemnul.
 12456 | D:10     | Entered Level 10 of the Dungeon
 12456 | D:10     | Found a blossoming altar of Fedhas.
 12475 | D:10     | Learned a level 3 spell: Ozocubu's Armour
 12531 | D:10     | Found Tuphasm's Assorted Antiques.
 12673 | D:10     | Bought a bronze ring for 170 gold pieces
 12743 | D:10     | Reached skill level 5 in Fighting
 12922 | D:10     | Found Jyf Pet's Antique Armour Emporium.
 13175 | D:11     | Reached skill level 1 in Ice Magic
 13470 | D:11     | Reached skill level 5 in Invocations
 13627 | D:11     | Noticed a green ugly thing
 13644 | D:11     | Killed a green ugly thing
 14032 | D:11     | Noticed a two-headed ogre
 14041 | D:11     | Killed a two-headed ogre
 14368 | D:11     | Noticed Harold
 14373 | D:11     | Killed Harold
 14653 | Orc:1    | Entered Level 1 of the Orcish Mines
 14684 | Orc:1    | Noticed Josephine
 14899 | Lair:1   | Entered Level 1 of the Lair of Beasts
 15288 | Lair:1   | Reached XP level 12. HP: 78/78 MP: 21/24
 15943 | Lair:2   | Reached skill level 10 in Conjurations
 16168 | Lair:2   | Learned a level 4 spell: Airstrike
 16207 | Lair:2   | Reached skill level 5 in Fire Magic
 16589 | Lair:2   | Found a staircase to the Swamp.
 16590 | Lair:2   | Killed from afar by an electric eel

Illustrated notes

Levels and vault maps discovered:
D:1:      elethiomel_arrival_quiet, layout_loops_ring
D:2:      layout_basic, kennysheep_generic_room_5, uniq_jessica
D:3:      minmay_recursive_quarters, layout_loops_ring,
          nicolae_ru_path_of_blood, lemuel_doored_altar,
          nicolae_qazlal_eye_of_the_storm, gammafunk_temple_overflow_pools,
          cheibrodos_ashenzari_chains, uniq_grinder
D:4:      layout_basic
D:5:      layout_rooms, grunt_temple_overflow_opulence, first_ration,
          nicolae_ossuary_entry_plus, serial_shops,
          nicolae_shop_window_shopping, shop_coins, kennysheep_little_box,
          uniq_eustachio
D:6:      layout_loops_corners
D:7:      layout_basic, minmay_temple_entry_proselytizer, uniq_prince_ribbit1
D:8:      layout_basic, vehumet_statue, erik_lair_island, basic_altar
D:9:      minmay_bloctagon_deflated, layout_long_grid,
          lemuel_mausoleum_altar_yredelemnul, orc_david_3
D:10:     layout_cave_pools, serial_shops, kennysheep_mini_moat, shop,
          basic_altar
D:11:     layout_roguey, the_bakery, uniq_harold
Lair:1:   layout_long_grid, infiniplex_staircase_pool_2
Lair:2:   layout_regular_city, nicolae_swamp_entry_splash_gauntlet,
          grunt_megastairs_1, minmay_lair_oklob_chamber
Orc:1:    layout_caves, uniq_josephine

Skill      XL: |  1  2  3  4  5  6  7  8  9 10 11 12 |
---------------+-------------------------------------+-----
Stealth        | 3 4 5 6 7 8 9 |  9.3
Conjurations   | 5 6 7 8 9 10 | 10.1
Spellcasting   | 3 4 5 6 7 8 9 |  9.3
Fighting       | 1 2 3 4 5 6 |  6.1
Short Blades   | 1 2 3 4 |  4.2
Dodging        | 3 4 |  4.8
Invocations    | 2 4 5 |  5.7
Fire Magic     | 2 3 4 5 |  5.1
Shields        | 1 2 4 |  4.6
Maces & Flails | 1 |  1.2
Translocations | 1 2 |  2.0
Ice Magic      | 2 3 |  3.0
Charms         | |  0.7
Air Magic      | |  0.9

Action                   |  1- 3 |  4- 6 |  7- 9 | 10-12 || total
-------------------------+-------+-------+-------+-------++-------
Melee: Unarmed           |    18 |       |       |       ||    18
       Constrict         |     7 |     7 |    50 |    27 ||    91
       Tentacles         |     2 |     5 |    39 |    48 ||    94
       Short sword       |    10 |    32 |   182 |       ||   224
       Rapier            |       |       |    10 |   158 ||   168
       Morningstar       |       |       |       |     6 ||     6
 Cast: Magic Dart        |    64 |    62 |   163 |    98 ||   387
       Searing Ray       |       |     6 |    20 |    17 ||    43
       Foxfire           |       |       |    14 |   143 ||   157
       Iskenderun's Myst |       |       |     1 |    14 ||    15
       Conjure Flame     |       |       |     1 |     2 ||     3
       Sticky Flame      |       |       |     1 |     1 ||     2
       Dazzling Flash    |       |       |       |     2 ||     2
       Fireball          |       |       |       |    14 ||    14
       Ozocubu's Armour  |       |       |       |     4 ||     4
Invok: Bend Time         |       |       |       |     1 ||     1
Evoke: Wand              |       |       |     1 |     1 ||     2
       Phantom mirror    |       |       |       |     1 ||     1
  Use: Scroll            |       |     2 |     5 |    15 ||    22
       Potion            |       |     5 |     4 |     6 ||    15
 Stab: Sleeping          |     5 |     3 |    29 |    14 ||    51
       Invisible         |       |       |       |     3 ||     3
  Eat: Chunk             |     3 |     7 |    11 |    12 ||    33
Armor: Skin              |     7 |     7 |    13 |    13 ||    40
Dodge: Dodged            |    29 |    13 |   149 |   129 ||   320
Block: Buckler           |       |       |       |    85 ||    85

Table legend:
 A = Non-vault XP
 B = Vault XP
 C = Vault XP percentage of total XP
 D = Non-vault monster count
 E = Vault monster count
 F = Vault count percentage of total count
                 A         B        C        D         E       F
            +---------+---------+-------+---------+---------+-------
      Total |   17033 |    6672 |  28.1 |     307 |     110 |  26.4
            +---------+---------+-------+---------+---------+-------
        D:1 |      53 |       0 |   0.0 |      32 |       0 |   0.0
        D:2 |     146 |      39 |  21.1 |      24 |       2 |   7.7
        D:3 |     141 |     318 |  69.3 |      20 |      10 |  33.3
        D:4 |     544 |       0 |   0.0 |      20 |       0 |   0.0
        D:5 |     939 |     208 |  18.1 |      24 |       1 |   4.0
        D:6 |     309 |       0 |   0.0 |      20 |       0 |   0.0
        D:7 |     786 |     329 |  29.5 |      15 |       2 |  11.8
        D:8 |     858 |    1050 |  55.0 |      20 |      10 |  33.3
        D:9 |    2615 |    2378 |  47.6 |      41 |      21 |  33.9
       D:10 |    1091 |       0 |   0.0 |      17 |       0 |   0.0
       D:11 |    4410 |    1050 |  19.2 |      42 |       2 |   4.5
     Lair:1 |     776 |       0 |   0.0 |       4 |       0 |   0.0
     Lair:2 |    3980 |    1077 |  21.3 |      22 |       5 |  18.5
      Orc:1 |     385 |       0 |   0.0 |       6 |       0 |   0.0
    Ossuary |       0 |     223 | 100.0 |       0 |      57 | 100.0
            +---------+---------+-------+---------+---------+-------
